 Dungeon Crawl Stone Soup version 0.26-a0-20-g5f92b90fa0 (webtiles) character file.

Game seed: 1565006883483947538, levelgen mode: deterministic

1151 MisterFreud the Nimble (level 8, -9/54 HPs)
             Began as an Octopode Gladiator on May 25, 2020.
             Mangled by a gnoll
             ... wielding a +0 club
              (10 damage)
             ... on level 4 of the Dungeon.
             The game lasted 00:08:38 (5670 turns).

MisterFreud the Nimble (Octopode Gladiator)         Turns: 5670, Time: 00:08:39

Health: -9/54      AC:  2    Str: 14    XL:     8   Next: 38%
Magic:  8/8        EV: 17    Int: 12    God:
Gold:   166        SH:  0    Dex: 13    Spells: 7/7 levels left

rFire    . . .     SeeInvis .   a - +1 long sword
rCold    . . .     Gourm    .   (no shield)
rNeg     . . .     Faith    .   b - +1 hat
rPois    .         Spirit   .   t - amulet of inaccuracy (curse)
rElec    .         Reflect  .   s - ring of flight
rCorr    .         Harm     .   (no ring)
MR       .....                  (no ring)
Stlth    ++........             (no ring)
HPRegen  0.18/turn              (no ring)
MPRegen  0.11/turn              (no ring)
                                (no ring)
                                (no ring)

@: brilliant
A: almost no armour, stealthy swim, amphibious, 8 rings, constrict 8, camouflage
1, gelatinous body 1
a: Evoke Flight


You were on level 4 of the Dungeon.
You were hungry.

You visited 1 branch of the dungeon, and saw 6 of its levels.
You also visited: Sewer.

You collected 166 gold pieces.

Inventory:

Hand Weapons
 a - a +1 long sword (weapon)
Missiles
 c - 3 throwing nets
 e - 3 boomerangs (quivered)
 u - 15 poisoned darts
Armour
 b - a +1 hat (worn)
Jewellery
 s - a ring of flight (left tentacle)
 t - a cursed amulet of inaccuracy (around mantle)
Scrolls
 h - 4 scrolls of amnesia
 i - a scroll of enchant armour
 l - 2 scrolls of identify
Potions
 f - 5 potions of curing {unknown}
 g - a potion of haste
 j - 3 potions of brilliance
 k - 4 potions of flight {unknown}
 m - a potion of degeneration {unknown}
 n - a potion of resistance {unknown}
 o - a potion of might
 q - a potion of stabbing {unknown}
Comestibles
 d - 8 rations
 p - 2 chunks of flesh


   Skills:
 - Level 4.0 Fighting
 + Level 6.0 Long Blades
 - Level 2.0 Throwing
 - Level 8.0 Dodging


You had 7 spell levels left.
You didn't know any spells.
Your spell library was empty.

Dungeon Overview and Level Annotations

Branches:
Dungeon (6/15)              Sewer (visited)
 Temple: D:4-7

Altars:
Ashenzari
Kikubaaqudgha
Sif Muna
Trog
Xom


Innate Abilities, Weirdness & Mutations

You cannot wear most types of armour.
You are very stealthy in the water. (Stealth+)
You are amphibious.
You can wear up to eight rings at the same time.
You can use your tentacles to constrict eight enemies at once.
Your skin changes colour to match your surroundings (Stealth+).
Your rubbery body absorbs attacks. (AC +1, EV +1)


Message History

The gnoll shaman is heavily wounded.
You constrict the gnoll shaman, but do no damage.
The gnoll hits you from afar with a cursed -1 spear.
The gnoll hits you with a +0 club.
The gnoll shaman hits you with a +0 whip.
The gnoll hits you from afar with a cursed -1 spear.
You release your grip on the gnoll shaman.
The gnoll hits you from afar with a +0 halberd!
* * * LOW HITPOINT WARNING * * *
The gnoll shaman hits you with a +0 whip!
* * * LOW HITPOINT WARNING * * *
The gnoll misses you. The gnoll closely misses you.
You climb upwards.
There is a stone staircase leading down here.
It was a potion of brilliance.
You feel clever all of a sudden.
The gnoll shaman hits you with a +0 whip.
* * * LOW HITPOINT WARNING * * *
The gnoll hits you with a +0 club!
You die...

#.# #.# ######.# #.....
#.##### #.# #.#####.####
#.....# #.# #...[...#
#####.# ##.########)#######
#.# #...........# #.#
#...........##########
#.####.....####............
#.......##g# #..#########.
######..##@# #..# ##
#.<##g# #..# #..##.####..#
#...........# #..........##
##.#######.# #.# #.#
#.#######.# #.........#


You could see a gnoll shaman and a gnoll.

Vanquished Creatures
  2 eyes of draining (D:3)
  2 ogres (D:4)
  A big kobold (Sewer)
  A howler monkey (D:4)
  A bullfrog skeleton (D:4)
  3 orc priests (D:4)
  Natasha (D:3)
  Terence (D:3)
  An iguana (D:4)
  5 orc wizards (D:4)
  3 worker ants
  5 river rats
  8 adders
  3 oozes
  4 worms
  3 dart slugs
  11 leopard geckos
  10 orcs
  11 bats
  11 giant cockroaches
  8 goblins
  9 hobgoblins
  11 jackals
  26 kobolds
  6 ball pythons (Sewer)
  2 jackal skeletons
  31 rats
180 creatures vanquished.

Notes
Turn   | Place    | Note
-------+----------+-------------------------------------------
     0 | D:1      | MisterFreud the Octopode Gladiator began the quest for the
                  | Orb.
     0 | D:1      | Reached XP level 1. HP: 14/14 MP: 1/1
    17 | D:1      | Reached XP level 2. HP: 15/20 MP: 2/2
   275 | D:1      | Reached XP level 3. HP: 16/26 MP: 3/3
  1233 | D:2      | Found a shimmering altar of Xom.
  1233 | D:2      | Found a shimmering altar of Xom.
  1246 | D:2      | Found a shimmering altar of Xom.
  1247 | D:2      | Found a shimmering altar of Xom.
  1272 | D:2      | Found a shimmering blue altar of Sif Muna.
  1374 | D:2      | Reached XP level 4. HP: 18/33 MP: 4/4
  1623 | D:2      | Found a shattered altar of Ashenzari.
  1665 | D:2      | Found an ancient bone altar of Kikubaaqudgha.
  2365 | D:3      | Noticed Terence
  2372 | D:3      | Killed Terence
  2372 | D:3      | Reached XP level 5. HP: 37/37 MP: 5/5
  2722 | D:3      | Found a bloodstained altar of Trog.
  2722 | D:3      | Noticed an eye of draining
  2723 | D:3      | Noticed an eye of draining
  2740 | D:3      | Killed an eye of draining
  2740 | D:3      | Reached skill level 5 in Long Blades
  2740 | D:3      | Reached XP level 6. HP: 39/43 MP: 0/6
  2746 | D:3      | Killed an eye of draining
  3045 | D:3      | Noticed Natasha
  3079 | D:3      | Killed Natasha
  3485 | D:4      | Reached skill level 4 in Dodging
  3545 | D:4      | Reached XP level 7. HP: 41/48 MP: 7/7
  3630 | D:4      | Reached skill level 5 in Dodging
  3639 | D:4      | HP: 2/48 [orc/+0 falchion (4)]
  3776 | D:4      | Found a glowing drain.
  3780 | Sewer    | Entered a sewer
  4003 | Sewer    | Reached skill level 6 in Dodging
  4719 | D:4      | You fall into a shaft and drop 2 floors!
  4801 | D:5      | Entered Level 5 of the Dungeon
  4807 | D:5      | Reached XP level 8. HP: 54/54 MP: 8/8
  4913 | D:4      | Reached skill level 7 in Dodging
  5407 | D:4      | Identified the +1 leather armour "Umeogol" {+Blink rC+
                  | Str+6 Int-5}
  5514 | D:4      | Reached skill level 8 in Dodging
  5668 | D:5      | HP: 2/54 [gnoll shaman/+0 whip (9)]
  5670 | D:4      | Mangled by a gnoll

Illustrated notes

Levels and vault maps discovered:
D:1:      onia_arrival_handbag, layout_rooms
D:2:      layout_loops_cross, kiku_gazebo_pond_becter, xom_redecorated,
          nicolae_overflow_crystal_walls, nicolae_ashenzari_panopticon
D:3:      layout_basic, trog_eyes_of_draining, first_ration, uniq_terence,
          uniq_natasha
D:4:      layout_loops_ring, gup_sewer_entry_spiral
D:5:      layout_cave_pools, fedhas_altar_fruit_tree,
          lemuel_coloured_pillars_altar, minmay_temple_entry_hall, serial_park,
          serial_park_square1 [serial_park_minivault_5x5_4], dk_noncrumbling_2
D:6:      layout_loops_ring, lemuel_statue_altar

Skill      XL: |  1  2  3  4  5  6  7  8 |
---------------+-------------------------+-----
Fighting       | 3 4 |  4.0
Long Blades    | 4 5 6 |  6.0
Dodging        | 4 6 8 |  8.0
Throwing       | |  2.0

Action                   |  1- 3 |  4- 6 |  7- 9 || total
-------------------------+-------+-------+-------++-------
Melee: Long sword        |    74 |    99 |   171 ||   344
       Constrict         |    28 |    32 |    45 ||   105
       Tentacles         |    10 |    30 |    40 ||    80
       Unarmed           |       |    24 |       ||    24
Throw: Boomerang         |       |       |     9 ||     9
  Use: Scroll            |       |     6 |     2 ||     8
       Potion            |       |     2 |     4 ||     6
 Stab: Sleeping          |     2 |     7 |    11 ||    20
       Distracted        |       |     1 |       ||     1
  Eat: Chunk             |     2 |     6 |     7 ||    15
Armor: Skin              |    11 |     5 |    10 ||    26
Dodge: Dodged            |    82 |    84 |   159 ||   325
       Rpst.: Long sword |    20 |    22 |    31 ||    73

Table legend:
 A = Non-vault XP
 B = Vault XP
 C = Vault XP percentage of total XP
 D = Non-vault monster count
 E = Vault monster count
 F = Vault count percentage of total count
                 A         B        C        D         E       F
            +---------+---------+-------+---------+---------+-------
      Total |    1055 |     590 |  35.9 |     114 |      66 |  36.7
            +---------+---------+-------+---------+---------+-------
        D:1 |      60 |      10 |  14.3 |      32 |       4 |  11.1
        D:2 |      99 |       0 |   0.0 |      24 |       0 |   0.0
        D:3 |      57 |     322 |  85.0 |      21 |       6 |  22.2
        D:4 |     765 |      28 |   3.5 |      33 |       8 |  19.5
        D:5 |      34 |       0 |   0.0 |       1 |       0 |   0.0
        D:6 |      40 |       0 |   0.0 |       3 |       0 |   0.0
      Sewer |       0 |     230 | 100.0 |       0 |      48 | 100.0
            +---------+---------+-------+---------+---------+-------
